[Event "LJ Slovak Open 2022"]
[Site "Liptovsky Jan"]
[Date "2022.06.24"]
[Round "3.21"]
[White "Carnecka, Stella"]
[Black "Goga, Frantisek"]
[Result "1-0"]
[ECO "B92"]
[WhiteElo "1648"]
[BlackElo "1900"]
[Annotator "NA"]
[PlyCount "97"]
[EventDate "2022.06.23"]
[EventType "swiss"]
[EventCountry "SVK"]
[SourceTitle "playchess.com"]
[Source "ChessBase"]
[SourceQuality "1"]
[TimeControl "3600+30"]

1. e4 c5 2. Nf3 d6 3. d4 cxd4 4. Nxd4 Nf6 5. Nc3 a6 6. Be2 e5 7. Nf3 h6 8. Be3 Be7 9. O-O O-O 10. Nd5 Nxd5 11. Qxd5 Qc7 12. Qd2 Nd7 13. h3 b5 14. Nh2 Nf6 15. Bd3 Bb7 16. f3 Rfd8 17. Qf2 Qd7 18. Rad1 Qe8 19. Ng4 Nh5 20. c4 Bc8 21. cxb5 axb5 22. Bb6 Rxa2 23. Bxd8 Bxd8 24. Ra1 Rxa1 25. Rxa1 Qc6 26. Kh2 Nf4 27. Qc2 Qb7 28. Rc1 Be6 29. g3 Nxd3 30. Qxd3 h5 31. Ne3 Bg5 32. Re1 Qb6 33. Ng2 Bc4 34. Qa3 Qf2 35. Qxd6 Bf1 36. Qb8+ Kh7 37. Rxf1 Qxf1 38. Qxe5 Kh6 39. f4 Bf6 40. Qe8 g6 41. e5 Qe2 42. Qxf7 Bg7 43. e6 Qc4 44. f5 gxf5 45. Qxf5 Qc8 46. Qf4+ Kh7 47. e7 Kg8 48. Qe4 Qe8 49. Qd5+ 1-0

[Event "LJ Slovak Open 2022"]
[Site "Liptovsky Jan"]
[Date "2022.06.24"]
[Round "3.22"]
[White "Smusz, Kamil"]
[Black "Kaminsky, Ladislav"]
[Result "1-0"]
[ECO "D02"]
[WhiteElo "1881"]
[BlackElo "1615"]
[Annotator "NA RC"]
[PlyCount "77"]
[EventDate "2022.06.23"]
[EventType "swiss"]
[EventCountry "SVK"]
[SourceTitle "playchess.com"]
[Source "ChessBase"]
[SourceQuality "1"]
[TimeControl "3600+30"]

1. d4 d5 2. Bf4 Nf6 3. e3 e6 4. Nd2 c5 5. c3 Nc6 6. Ngf3 Bd6 7. Bg3 Qc7 8. dxc5 Bxg3 9. hxg3 Ne7 10. b4 b6 11. Nb3 Ne4 12. Nfd2 Nxg3 13. Bb5+ Kf8 14. fxg3 Qxg3+ 15. Kf1 Qxe3 16. Qf3 Nf5 17. Qxe3 Nxe3+ 18. Kf2 Ng4+ 19. Kg3 Ne5 20. a4 bxc5 21. Nxc5 a6 22. Be2 Ke7 23. a5 f5 24. Nf3 Nd7 25. Nxd7 Bxd7 26. Rhe1 h6 27. Rac1 g5 28. Ne5 Be8 29. Nd3 Bb5 30. Nc5 e5 31. Bxb5 e4 32. Bxa6 f4+ 33. Kf2 e3+ 34. Ke2 h5 35. Bb7 Rad8 36. Rcd1 g4 37. Rf1 Rdf8 38. Bxd5 h4 39. Ne6 1-0

[Event "LJ Slovak Open 2022"]
[Site "Liptovsky Jan"]
[Date "2022.06.24"]
[Round "3.23"]
[White "Mikula, Maciej"]
[Black "Rak, Martin"]
[Result "1-0"]
[ECO "C00"]
[WhiteElo "1567"]
[BlackElo "1849"]
[Annotator "NA RC"]
[PlyCount "39"]
[EventDate "2022.06.23"]
[EventType "swiss"]
[EventCountry "SVK"]
[SourceTitle "playchess.com"]
[Source "ChessBase"]
[SourceQuality "1"]
[TimeControl "3600+30"]

1. e4 e6 2. Nf3 d5 3. e5 c5 4. b4 cxb4 5. a3 bxa3 6. d4 Nc6 7. Bd3 Bd7 8. c3 Rc8 9. Nxa3 a6 10. Ng5 g6 11. Qf3 Qe7 12. h4 h6 13. Nc4 dxc4 14. Ba3 hxg5 15. Bxe7 Ncxe7 16. Be4 Bc6 17. Bxc6+ Rxc6 18. g3 Nd5 19. Rb1 b5 20. hxg5 1-0

[Event "LJ Slovak Open 2022"]
[Site "Liptovsky Jan"]
[Date "2022.06.24"]
[Round "3.24"]
[White "Janik, Marek Tobias"]
[Black "Marcek, Jan"]
[Result "1-0"]
[ECO "A18"]
[WhiteElo "1840"]
[BlackElo "1588"]
[Annotator "NA RC"]
[PlyCount "67"]
[EventDate "2022.06.23"]
[EventType "swiss"]
[EventCountry "SVK"]
[SourceTitle "playchess.com"]
[Source "ChessBase"]
[SourceQuality "1"]
[TimeControl "3600+30"]

1. c4 e6 2. g3 c6 3. Bg2 Nf6 4. Nc3 d6 5. e4 Nbd7 6. Nge2 Be7 7. d4 h6 8. O-O a6 9. f4 c5 10. e5 Nh7 11. Be3 f5 12. g4 O-O 13. gxf5 exf5 14. dxc5 Nxc5 15. Bxc5 dxc5 16. Nd5 Rb8 17. Qb3 b5 18. cxb5 Kh8 19. a4 Rg8 20. Rfd1 Qe8 21. Nc7 Qg6 22. Ng3 h5 23. Qf3 Qg4 24. Qxg4 hxg4 25. bxa6 c4 26. Kh1 Bc5 27. Bd5 Rf8 28. Bxc4 Rxb2 29. Be6 g5 30. Bxc8 Rxc8 31. Ne6 Bb6 32. a5 Rcc2 33. axb6 Rxh2+ 34. Kg1 1-0

[Event "LJ Slovak Open 2022"]
[Site "Liptovsky Jan"]
[Date "2022.06.24"]
[Round "3.25"]
[White "Straka, Simon"]
[Black "Mydliar, Jan"]
[Result "1/2-1/2"]
[ECO "D88"]
[WhiteElo "1523"]
[BlackElo "1885"]
[Annotator "NA RC"]
[PlyCount "90"]
[EventDate "2022.06.23"]
[EventType "swiss"]
[EventCountry "SVK"]
[SourceTitle "playchess.com"]
[Source "ChessBase"]
[SourceQuality "1"]
[TimeControl "3600+30"]

1. d4 Nf6 2. c4 g6 3. Nc3 d5 4. cxd5 Nxd5 5. e4 Nxc3 6. bxc3 Bg7 7. Bc4 O-O 8. Be3 c5 9. Ne2 Qa5 10. O-O cxd4 11. cxd4 Nc6 12. Rc1 e6 13. Qb3 Qb4 14. d5 Qxb3 15. Bxb3 exd5 16. exd5 Na5 17. Ba4 b6 18. Nd4 Ba6 19. Rfd1 Nc4 20. Bb3 Nxe3 21. fxe3 Rfe8 22. Kf2 Be5 23. g3 h5 24. Ba4 Rf8 25. Nc6 Bd6 26. e4 f6 27. Nd4 Rac8 28. Bc6 Rf7 29. Kg2 Rh7 30. h3 Re7 31. Ne6 Rb8 32. Rc3 Bc8 33. Rdc1 Bxe6 34. dxe6 Kg7 35. Bd7 Bc5 36. Rb1 Rf8 37. a4 f5 38. exf5 Rxf5 39. Rf3 Rxf3 40. Kxf3 Kf6 41. Ke4 Rg7 42. Rf1+ Ke7 43. Kd5 a5 44. Rf3 Rh7 45. Ke5 Bd6+ 1/2-1/2

[Event "LJ Slovak Open 2022"]
[Site "Liptovsky Jan"]
[Date "2022.06.24"]
[Round "3.26"]
[White "Gay, Lukas"]
[Black "Harvan, Tomas"]
[Result "0-1"]
[ECO "B10"]
[WhiteElo "1480"]
[BlackElo "1853"]
[Annotator "NA RC"]
[PlyCount "80"]
[EventDate "2022.06.23"]
[EventType "swiss"]
[EventCountry "SVK"]
[SourceTitle "playchess.com"]
[Source "ChessBase"]
[SourceQuality "1"]
[TimeControl "3600+30"]

1. e4 c6 2. c4 d5 3. exd5 cxd5 4. cxd5 Nf6 5. Nc3 Nxd5 6. Nf3 Nc6 7. Bb5 e6 8. O-O Be7 9. Qc2 O-O 10. Nxd5 Qxd5 11. Bc4 Qh5 12. b3 Nb4 13. Qb1 b5 14. Be2 Bb7 15. Bb2 Rac8 16. a3 Bd6 17. h3 Na6 18. Qd3 Rfd8 19. Qxb5 Nc5 20. d4 Ba6 21. Qa5 Bxe2 22. dxc5 Bxf1 23. Qc3 Bf8 24. Kxf1 Rxc5 25. Qe3 Rc2 26. Bd4 Bc5 27. Rd1 Bxd4 28. Rxd4 Rxd4 29. Qxd4 Qb5+ 30. Kg1 Qb6 31. Qh4 h6 32. b4 Qc7 33. g3 Rc4 34. Qh5 Rc1+ 35. Kg2 Qc6 36. Qa5 Rc3 37. Qd8+ Kh7 38. Qd1 Qe4 39. h4 Rxa3 40. b5 Rd3 0-1

[Event "LJ Slovak Open 2022"]
[Site "Liptovsky Jan"]
[Date "2022.06.24"]
[Round "3.27"]
[White "Janouskova, Adela"]
[Black "Gollner, Martin"]
[Result "0-1"]
[ECO "B22"]
[WhiteElo "1498"]
[BlackElo "1585"]
[Annotator "NA RC"]
[PlyCount "88"]
[EventDate "2022.06.23"]
[EventType "swiss"]
[EventCountry "SVK"]
[SourceTitle "playchess.com"]
[Source "ChessBase"]
[SourceQuality "1"]
[TimeControl "3600+30"]

1. e4 c5 2. c3 e6 3. d4 d5 4. exd5 Qxd5 5. Nf3 Nc6 6. Be3 cxd4 7. cxd4 Nf6 8. Nc3 Qd8 9. a3 Be7 10. Bd3 O-O 11. O-O b6 12. Bc2 a5 13. h3 Bb7 14. Qd3 Ba6 15. Nb5 Qd5 16. a4 Nb4 17. Qe2 Bxb5 18. axb5 Nxc2 19. Qxc2 Qxb5 20. Rac1 Nd5 21. Ne5 Nb4 22. Qc7 Rfe8 23. Rfd1 f6 24. Nf3 Nd5 25. Qc2 Rac8 26. Qxc8 Rxc8 27. Rxc8+ Kf7 28. Rc2 Qb3 29. Rcd2 Bb4 30. Rd3 Qxb2 31. Nd2 Nc3 32. Nc4 Qa2 33. Nxb6 Nxd1 34. Rxd1 Ba3 35. d5 exd5 36. Nxd5 Qb3 37. Rd2 Bc1 38. Rd4 Bb2 39. Rd2 a4 40. Bc5 Qc4 41. Be3 a3 42. Nf4 a2 43. Rd7+ Ke8 44. Ra7 a1=Q+ 0-1

[Event "LJ Slovak Open 2022"]
[Site "Liptovsky Jan"]
[Date "2022.06.24"]
[Round "3.28"]
[White "Haasova, Timea"]
[Black "Mazak, Ryan"]
[Result "1-0"]
[ECO "D05"]
[WhiteElo "1811"]
[BlackElo "1575"]
[Annotator "NA"]
[PlyCount "79"]
[EventDate "2022.06.23"]
[EventType "swiss"]
[EventCountry "SVK"]
[SourceTitle "playchess.com"]
[Source "ChessBase"]
[SourceQuality "1"]
[TimeControl "3600+30"]

1. d4 Nf6 2. Nf3 d5 3. e3 Bg4 4. Bd3 e6 5. c3 c5 6. Nbd2 Nc6 7. O-O Bd6 8. Qa4 c4 9. Bb1 O-O 10. h3 Bh5 11. Re1 Re8 12. e4 Be7 13. e5 Nd7 14. Qd1 Bg6 15. Nf1 Bxb1 16. Rxb1 Nf8 17. Ng3 Ng6 18. Be3 b5 19. Nh2 b4 20. f4 Bh4 21. Qf3 a5 22. Bf2 Nce7 23. Nhf1 Rb8 24. f5 exf5 25. Nxf5 Bxf2+ 26. Qxf2 Nxf5 27. Qxf5 Re6 28. Ng3 Reb6 29. e6 fxe6 30. Rxe6 Rxe6 31. Qxe6+ Kh8 32. Re1 Nf4 33. Qg4 Nd3 34. Re2 Qc8 35. Qg5 Qd8 36. Re7 Qf8 37. Nf5 g6 38. Qh4 h5 39. Qg5 Rb6 40. Re8 1-0

[Event "LJ Slovak Open 2022"]
[Site "Liptovsky Jan"]
[Date "2022.06.24"]
[Round "3.29"]
[White "Ropovik, Samuel"]
[Black "Kukan, Michal"]
[Result "1-0"]
[ECO "B01"]
[WhiteElo "1453"]
[BlackElo "1767"]
[Annotator "NA RC"]
[PlyCount "40"]
[EventDate "2022.06.23"]
[EventType "swiss"]
[EventCountry "SVK"]
[SourceTitle "playchess.com"]
[Source "ChessBase"]
[SourceQuality "1"]
[TimeControl "3600+30"]

1. e4 d5 2. exd5 Qxd5 3. Nc3 Qd6 4. d4 Nf6 5. Nf3 c6 6. g3 Bg4 7. Bg2 Nd5 8. O-O g6 9. h3 Bf5 10. Qe2 Bg7 11. Re1 Bf6 12. Bh6 Nd7 13. g4 Nxc3 14. bxc3 Be6 15. g5 Qf4 16. Qe3 Qxe3 17. fxe3 Bxd4 18. cxd4 Rg8 19. Nd2 Nb6 20. Nb3 Nc4 1-0

[Event "LJ Slovak Open 2022"]
[Site "Liptovsky Jan"]
[Date "2022.06.24"]
[Round "3.30"]
[White "Vastik, Tomas"]
[Black "Verba, Vladimir"]
[Result "0-1"]
[ECO "B13"]
[WhiteElo "1457"]
[BlackElo "1786"]
[Annotator "NA RC"]
[PlyCount "70"]
[EventDate "2022.06.23"]
[EventType "swiss"]
[EventCountry "SVK"]
[SourceTitle "playchess.com"]
[Source "ChessBase"]
[SourceQuality "1"]
[TimeControl "3600+30"]

1. e4 c6 2. Nc3 d5 3. exd5 cxd5 4. d4 Nc6 5. h3 e6 6. Nf3 Bd6 7. a3 a6 8. Be2 Qc7 9. O-O Nge7 10. Re1 Bd7 11. Be3 O-O 12. Qd2 f6 13. Na2 b5 14. c3 Be8 15. Qd1 Rd8 16. Nd2 e5 17. Nb3 Nf5 18. Bg4 Nxe3 19. Rxe3 f5 20. Be2 f4 21. Rd3 e4 22. Rd2 e3 23. fxe3 fxe3 24. Rc2 Bg3 25. Bf3 Bf2+ 26. Kh1 Qg3 27. Nc5 Rf6 28. Bxd5+ Rxd5 29. Ne4 Qh4 30. Nxf6+ gxf6 31. Qf3 Ne7 32. Nb4 Bh5 33. g4 Rf5 34. Qg2 Rg5 35. Qh2 Bg3 0-1

[Event "LJ Slovak Open 2022"]
[Site "Liptovsky Jan"]
[Date "2022.06.24"]
[Round "3.31"]
[White "Miciak, Emanuel"]
[Black "Bohacek, Ludovit"]
[Result "1/2-1/2"]
[ECO "E87"]
[WhiteElo "1804"]
[BlackElo "1594"]
[Annotator "NA RC"]
[PlyCount "54"]
[EventDate "2022.06.23"]
[EventType "swiss"]
[EventCountry "SVK"]
[SourceTitle "playchess.com"]
[Source "ChessBase"]
[SourceQuality "1"]
[TimeControl "3600+30"]

1. d4 Nf6 2. c4 g6 3. Nc3 Bg7 4. e4 d6 5. f3 O-O 6. Be3 Nbd7 7. Bd3 e5 8. d5 Nh5 9. Nge2 Nc5 10. Bc2 b6 11. b4 Nb7 12. O-O a5 13. a3 Nf6 14. Qd2 Bd7 15. Rfc1 Ne8 16. Ba4 axb4 17. axb4 Bxa4 18. Rxa4 Rxa4 19. Nxa4 f5 20. exf5 Rxf5 21. Ng3 Rf8 22. c5 Qa8 23. Qd1 bxc5 24. bxc5 dxc5 25. Nxc5 Nxc5 26. Rxc5 Qa3 27. Qc1 Qd3 1/2-1/2

[Event "LJ Slovak Open 2022"]
[Site "Liptovsky Jan"]
[Date "2022.06.24"]
[Round "3.32"]
[White "Hlavac, Tomas"]
[Black "Recky, Norbert"]
[Result "1/2-1/2"]
[ECO "B31"]
[WhiteElo "1409"]
[BlackElo "1755"]
[Annotator "NA RC"]
[PlyCount "40"]
[EventDate "2022.06.23"]
[EventType "swiss"]
[EventCountry "SVK"]
[SourceTitle "playchess.com"]
[Source "ChessBase"]
[SourceQuality "1"]
[TimeControl "3600+30"]

1. e4 c5 2. Nf3 d6 3. Bb5+ Nc6 4. Bxc6+ bxc6 5. O-O e5 6. Re1 g6 7. d3 Bg7 8. Nbd2 Ne7 9. Nc4 O-O 10. Bg5 f6 11. Bh4 g5 12. Bg3 Bg4 13. h3 Bh5 14. Ne3 f5 15. exf5 Nxf5 16. Nxf5 Rxf5 17. Re3 Qf6 18. Qd2 Bxf3 19. gxf3 Bh6 20. Qe2 Rf8 1/2-1/2

[Event "LJ Slovak Open 2022"]
[Site "Liptovsky Jan"]
[Date "2022.06.24"]
[Round "3.33"]
[White "Smetana, Peter"]
[Black "Skutil, Frantisek Elias"]
[Result "1-0"]
[ECO "B53"]
[WhiteElo "1740"]
[BlackElo "1552"]
[Annotator "NA RC"]
[PlyCount "63"]
[EventDate "2022.06.23"]
[EventType "swiss"]
[EventCountry "SVK"]
[SourceTitle "playchess.com"]
[Source "ChessBase"]
[SourceQuality "1"]
[TimeControl "3600+30"]

1. e4 c5 2. Nf3 d6 3. d4 cxd4 4. Qxd4 Nc6 5. Bb5 Bd7 6. Bxc6 Bxc6 7. Nc3 Nf6 8. Bg5 e6 9. O-O-O Be7 10. Qd3 O-O 11. Nd4 Rc8 12. f4 Ng4 13. Bxe7 Qxe7 14. Qf3 Nf6 15. Kb1 Qc7 16. Rd2 d5 17. e5 Nd7 18. g4 Rfe8 19. Rhd1 f6 20. Ndb5 d4 21. Qe2 Qb6 22. Nxd4 Rcd8 23. Nxc6 Qxc6 24. Rd6 Qc7 25. Nb5 Qc8 26. Nxa7 Qc7 27. Nb5 Qc8 28. Qd2 Re7 29. Nc3 Kf8 30. Ne4 Kf7 31. exf6 gxf6 32. g5 1-0

[Event "LJ Slovak Open 2022"]
[Site "Liptovsky Jan"]
[Date "2022.06.24"]
[Round "3.34"]
[White "Mirowska, Oliwia"]
[Black "Bilik, Matej"]
[Result "1-0"]
[ECO "A03"]
[WhiteElo "1746"]
[BlackElo "1553"]
[Annotator "NA RC"]
[PlyCount "85"]
[EventDate "2022.06.23"]
[EventType "swiss"]
[EventCountry "SVK"]
[SourceTitle "playchess.com"]
[Source "ChessBase"]
[SourceQuality "1"]
[TimeControl "3600+30"]

1. f4 d5 2. Nf3 g6 3. g3 Bg7 4. Bg2 Nh6 5. d4 Nf5 6. c3 b6 7. O-O e6 8. Ne5 Bb7 9. Na3 f6 10. Nf3 Nd7 11. Nc2 Rc8 12. Nd2 Nd6 13. Re1 Ne4 14. Nxe4 dxe4 15. Ne3 O-O 16. b4 e5 17. f5 exd4 18. cxd4 Qe7 19. a3 Rfd8 20. Qc2 c5 21. bxc5 bxc5 22. Qb3+ Kh8 23. Qxb7 cxd4 24. Nd5 Qc5 25. Bxe4 gxf5 26. Bg2 Ne5 27. Bf4 Rb8 28. Qc7 Qxc7 29. Nxc7 Ng6 30. Ne6 Nxf4 31. gxf4 Rd7 32. Rab1 Rg8 33. Kf2 Bh6 34. Rb5 Rd6 35. Bd5 Re8 36. Nxd4 Red8 37. Nxf5 Rxd5 38. Rxd5 Rxd5 39. Nxh6 Rh5 40. Ng4 f5 41. Ne5 Rxh2+ 42. Kg3 Rh5 43. Rc1 1-0

[Event "LJ Slovak Open 2022"]
[Site "Liptovsky Jan"]
[Date "2022.06.24"]
[Round "3.35"]
[White "Zelenka, Matej"]
[Black "Zeman, Jan"]
[Result "0-1"]
[ECO "B56"]
[WhiteElo "1400"]
[BlackElo "1726"]
[Annotator "NA RC"]
[PlyCount "66"]
[EventDate "2022.06.23"]
[EventType "swiss"]
[EventCountry "SVK"]
[SourceTitle "playchess.com"]
[Source "ChessBase"]
[SourceQuality "1"]
[TimeControl "3600+30"]

1. e4 c5 2. Nf3 Nc6 3. d4 cxd4 4. Nxd4 d6 5. Nc3 Nf6 6. Be3 Ng4 7. Qd2 Nxe3 8. Qxe3 Bd7 9. Bc4 e6 10. O-O Be7 11. Kh1 O-O 12. f4 Bf6 13. Nxc6 Bxc6 14. Rfe1 Qc7 15. Rad1 a6 16. e5 Be7 17. Rd3 d5 18. Bb3 b5 19. a3 Bb7 20. Na2 a5 21. c3 Rac8 22. Bc2 b4 23. axb4 axb4 24. Qh3 g6 25. Rd2 bxc3 26. Nxc3 Bb4 27. Nb5 Qa5 28. f5 exf5 29. Bxf5 Bxd2 30. e6 Bxe1 31. exf7+ Kg7 32. Qe3 Bh4 33. Nc3 Rxc3 0-1

[Event "LJ Slovak Open 2022"]
[Site "Liptovsky Jan"]
[Date "2022.06.24"]
[Round "3.36"]
[White "Szaszak, Robert"]
[Black "Szaszak, Lukas"]
[Result "1/2-1/2"]
[ECO "B01"]
[WhiteElo "1717"]
[BlackElo "1454"]
[Annotator "NA RC"]
[PlyCount "105"]
[EventDate "2022.06.23"]
[EventType "swiss"]
[EventCountry "SVK"]
[SourceTitle "playchess.com"]
[Source "ChessBase"]
[SourceQuality "1"]
[TimeControl "3600+30"]

1. e4 d5 2. exd5 Qxd5 3. Nc3 Qa5 4. Bc4 Nf6 5. d3 Bf5 6. Qf3 c6 7. h3 e6 8. Bd2 Qc7 9. a3 Nbd7 10. Ba2 Bd6 11. O-O-O O-O-O 12. Nge2 Qb6 13. Be3 Qc7 14. Nd4 Bg6 15. Ndb5 cxb5 16. Nxb5 Ne5 17. Qe2 Qa5 18. Nxd6+ Rxd6 19. Bf4 Nfd7 20. Bb3 Qc5 21. Kb1 a5 22. Rd2 Qd4 23. Be3 Qh4 24. g3 Qf6 25. Bf4 Rd4 26. Be3 Rd6 27. Bf4 Rd4 28. Qe3 Nc6 29. c3 Rxf4 30. gxf4 b5 31. Rc1 Kb7 32. Bd1 e5 33. fxe5 Ndxe5 34. Ka1 Rd8 35. Be2 Qe6 36. Qc5 Qd5 37. Qxd5 Rxd5 38. d4 Nc4 39. Rdd1 Bh5 40. Bxc4 bxc4 41. Re1 Rf5 42. Rc2 Rf3 43. d5 Nb8 44. Re7+ Kb6 45. Re3 Rf5 46. Rd2 Bf3 47. d6 Nd7 48. Rd4 Kc5 49. Re7 Bc6 50. f4 a4 51. Kb1 h5 52. Kc1 g6 53. Kd2 1/2-1/2

[Event "LJ Slovak Open 2022"]
[Site "Liptovsky Jan"]
[Date "2022.06.24"]
[Round "3.37"]
[White "Ciglian, Michal"]
[Black "Szabo, Marian"]
[Result "1/2-1/2"]
[ECO "E61"]
[WhiteElo "1704"]
[BlackElo "1467"]
[Annotator "NA RC"]
[PlyCount "129"]
[EventDate "2022.06.23"]
[EventType "swiss"]
[EventCountry "SVK"]
[SourceTitle "playchess.com"]
[Source "ChessBase"]
[SourceQuality "1"]
[TimeControl "3600+30"]

1. c4 e6 2. Nc3 g6 3. Nf3 Bg7 4. d4 Nf6 5. e4 d6 6. Bd3 O-O 7. O-O b6 8. Bd2 Nbd7 9. Rc1 Bb7 10. Bg5 c5 11. d5 e5 12. Be3 a6 13. h3 Re8 14. Nh2 Bc8 15. Qd2 Re7 16. a3 Qf8 17. b4 Nh5 18. Qc2 Qd8 19. Ne2 Re8 20. g3 Nf8 21. Kg2 h6 22. f4 Ra7 23. Qd2 Qd7 24. g4 Nf6 25. fxe5 Rxe5 26. Ng3 Kh7 27. Nf3 Re7 28. Rh1 Qa4 29. g5 N6d7 30. gxh6 Bf6 31. Bf4 Ne5 32. Nxe5 Bxe5 33. Bxe5 Rxe5 34. bxc5 bxc5 35. Rc3 Rb7 36. Rb1 Ree7 37. Bc2 Qd7 38. Nf1 Rxb1 39. Bxb1 Qb7 40. Bd3 Bd7 41. Bc2 Re5 42. Rb3 Qc8 43. Qf4 Qe8 44. Rf3 f5 45. exf5 Re2+ 46. Rf2 Rxf2+ 47. Qxf2 Kxh6 48. Qf4+ Kg7 49. f6+ Kf7 50. Ne3 Qe5 51. Qxe5 dxe5 52. Kg3 Kxf6 53. Ng4+ Bxg4 54. Kxg4 Nd7 55. h4 a5 56. a4 Nb6 57. Bb3 e4 58. Kf4 e3 59. Kxe3 Ke5 60. Kd3 Kf4 61. Bc2 Kg4 62. Kc3 Kxh4 63. Bxg6 Nxa4+ 64. Kb3 Nb6 65. Be8 1/2-1/2

[Event "LJ Slovak Open 2022"]
[Site "Liptovsky Jan"]
[Date "2022.06.24"]
[Round "3.38"]
[White "Staron, Ladislav"]
[Black "Pisarcik, Richard"]
[Result "1-0"]
[ECO "A52"]
[WhiteElo "1695"]
[BlackElo "1343"]
[Annotator "NA RC"]
[PlyCount "152"]
[EventDate "2022.06.23"]
[EventType "swiss"]
[EventCountry "SVK"]
[SourceTitle "playchess.com"]
[Source "ChessBase"]
[SourceQuality "1"]
[TimeControl "3600+30"]

1. d4 Nf6 2. c4 e5 3. dxe5 Ng4 4. Nf3 Nc6 5. Bf4 Bb4+ 6. Nc3 Qe7 7. e3 Ngxe5 8. Nxe5 Nxe5 9. Rc1 h5 10. h3 Ng6 11. Bh2 h4 12. Be2 d6 13. a3 Bxc3+ 14. Rxc3 Be6 15. O-O Nf8 16. Bf3 Rb8 17. Qa4+ Nd7 18. Qxa7 Qg5 19. Kh1 Qf6 20. Qd4 Ne5 21. Be2 Rh6 22. f4 Nd7 23. Qxf6 Nxf6 24. Bd3 Ke7 25. e4 Rbh8 26. f5 Bd7 27. Re1 Nh5 28. e5 dxe5 29. Bxe5 Kd8 30. Rcc1 Ng3+ 31. Bxg3 hxg3 32. Be4 g6 33. Rcd1 Kc8 34. Bxb7+ Kxb7 35. Rxd7 g5 36. Ree7 Rh4 37. Rxc7+ Kb8 38. Rb7+ Ka8 39. Ra7+ Kb8 40. Reb7+ Kc8 41. Rc7+ Kd8 42. Rxf7 Rxc4 43. Ra8+ Rc8 44. Rxc8+ Kxc8 45. Re7 Rd8 46. Re1 Rf8 47. Rf1 Kd7 48. Rf3 Kd6 49. Rxg3 Rxf5 50. Kh2 Ke6 51. Rc3 Kd5 52. b4 Kd4 53. Rc2 Re5 54. Ra2 Kc3 55. Rf2 Kb3 56. Rf3+ Ka4 57. Kg3 Rd5 58. Kg4 Re5 59. g3 Rd5 60. Rf5 Rd4+ 61. Kxg5 Kxa3 62. h4 Rxb4 63. h5 Kb3 64. h6 Kc3 65. g4 Kd3 66. Kh5 Ke4 67. Rf7 Ke5 68. h7 Rb8 69. Kg6 Ke6 70. Kg7 Rc8 71. g5 Rb8 72. g6 Ke5 73. h8=Q Rxh8 74. Kxh8 Ke6 75. Kg8 Ke5 76. Kf8 Ke6 1-0

[Event "LJ Slovak Open 2022"]
[Site "Liptovsky Jan"]
[Date "2022.06.24"]
[Round "3.39"]
[White "Janouskova, Eliska"]
[Black "Petrik, Matus"]
[Result "1/2-1/2"]
[ECO "B01"]
[WhiteElo "1167"]
[BlackElo "1684"]
[Annotator "NA"]
[PlyCount "68"]
[EventDate "2022.06.23"]
[EventType "swiss"]
[EventCountry "SVK"]
[SourceTitle "playchess.com"]
[Source "ChessBase"]
[SourceQuality "1"]
[TimeControl "3600+30"]

1. e4 d5 2. exd5 Qxd5 3. Nc3 Qa5 4. d4 Nf6 5. Bd3 c6 6. h3 Nbd7 7. Nf3 e6 8. O-O Bd6 9. Re1 O-O 10. Be3 Qc7 11. Qd2 Nb6 12. Ne4 Nxe4 13. Bxe4 h6 14. Qe2 Nd5 15. Rad1 Nxe3 16. Qxe3 Qb6 17. b3 Qa5 18. c4 c5 19. Re2 cxd4 20. Nxd4 Bc5 21. Qf3 Rb8 22. Nb5 Rd8 23. Rxd8+ Qxd8 24. Re1 Qe7 25. Rd1 a6 26. Qg3 e5 27. Nc3 f5 28. Bd5+ Kh7 29. Re1 Bd6 30. Qe3 e4 31. Ne2 Qe5 32. g3 b6 33. Qd2 Bc5 34. b4 Bd6 1/2-1/2

[Event "LJ Slovak Open 2022"]
[Site "Liptovsky Jan"]
[Date "2022.06.24"]
[Round "3.40"]
[White "Pavlov Jakub"]
[Black "Brida, Lukas"]
[Result "0-1"]
[ECO "B30"]
[WhiteElo "1000"]
[BlackElo "1673"]
[Annotator "NA RC"]
[PlyCount "114"]
[EventDate "2022.06.23"]
[EventType "swiss"]
[EventCountry "SVK"]
[SourceTitle "playchess.com"]
[Source "ChessBase"]
[SourceQuality "1"]
[TimeControl "3600+30"]

1. e4 c5 2. Nf3 Nc6 3. Nc3 e5 4. Bc4 Be7 5. d3 d6 6. a3 Nf6 7. Bg5 O-O 8. h3 Nd7 9. h4 Nb6 10. Bb3 Bg4 11. Bxe7 Qxe7 12. Nd5 Nxd5 13. Bxd5 Nd4 14. c3 Bxf3 15. gxf3 Ne6 16. Bxe6 fxe6 17. Rh3 Rf4 18. Qb3 Raf8 19. d4 exd4 20. cxd4 d5 21. O-O-O c4 22. Qe3 dxe4 23. fxe4 Rxf2 24. d5 exd5 25. exd5 Qxe3+ 26. Rxe3 Rd8 27. d6 Rd7 28. Re7 Rxe7 29. dxe7 Re2 30. Rd7 Kf7 31. e8=Q+ Kxe8 32. Rxg7 Re7 33. Rg4 b5 34. Kc2 Kd7 35. h5 Ke6 36. h6 Kf6 37. Kc3 Re3+ 38. Kb4 Rb3+ 39. Ka5 Rxb2 40. Rg7 Rb3 41. Rxh7 Kg6 42. Rh8 c3 43. h7 Kg7 44. Ra8 Kxh7 45. Rxa7+ Kg6 46. Rc7 Kf5 47. a4 b4 48. Kb5 Ke4 49. a5 Kd3 50. Rd7+ Kc2 51. a6 Ra3 52. a7 b3 53. Rh7 b2 54. Rh2+ Kb3 55. Rh1 Ka2 56. Rh2 Ka1 57. Kb4 Rxa7 0-1

[Event "LJ Slovak Open 2022"]
[Site "Liptovsky Jan"]
[Date "2022.06.24"]
[Round "3.41"]
[White "Krestian, Darius"]
[Black "Ihnat, Marek"]
[Result "1-0"]
[ECO "D52"]
[WhiteElo "1659"]
[BlackElo "2045"]
[Annotator "NA RC"]
[PlyCount "53"]
[EventDate "2022.06.23"]
[EventType "swiss"]
[EventCountry "SVK"]
[SourceTitle "playchess.com"]
[Source "ChessBase"]
[SourceQuality "1"]
[TimeControl "3600+30"]

1. d4 d5 2. Nf3 e6 3. c4 Nf6 4. Nc3 c6 5. Bg5 Nbd7 6. e3 Qa5 7. Nd2 Bb4 8. Qc2 dxc4 9. Bxf6 Nxf6 10. Nxc4 Qc7 11. Bd3 O-O 12. Ne5 Bd6 13. f4 h6 14. O-O-O Nd5 15. Nxd5 cxd5 16. Qxc7 Bxc7 17. h4 Bxe5 18. fxe5 Bd7 19. g4 Rac8+ 20. Kb1 f5 21. exf6 Rxf6 22. g5 Rf2 23. gxh6 gxh6 24. Rhg1+ Kh8 25. Rg6 Rh2 26. Rxh6+ Kg7 27. Rh7+ 1-0

[Event "LJ Slovak Open 2022"]
[Site "Liptovsky Jan"]
[Date "2022.06.24"]
[Round "3.42"]
[White "Saravanan Durga"]
[Black "Szaszak, Matej"]
[Result "1-0"]
[ECO "D35"]
[WhiteElo "1660"]
[BlackElo "1235"]
[Annotator "NA RC"]
[PlyCount "65"]
[EventDate "2022.06.23"]
[EventType "swiss"]
[EventCountry "SVK"]
[SourceTitle "playchess.com"]
[Source "ChessBase"]
[SourceQuality "1"]
[TimeControl "3600+30"]

1. d4 d5 2. c4 e6 3. Nc3 Nf6 4. cxd5 exd5 5. Bg5 Be7 6. e3 O-O 7. Bd3 Nbd7 8. Qc2 g6 9. Bh6 Re8 10. Nge2 c6 11. h3 Bd6 12. O-O-O c5 13. Bb5 a6 14. Bxd7 Bxd7 15. g4 cxd4 16. Nxd4 Bxg4 17. hxg4 Nxg4 18. Rdg1 Nxh6 19. Rxh6 Re6 20. Nxe6 fxe6 21. Rgxg6+ Kf8 22. Rxe6 Be7 23. Qf5+ Kg8 24. Qxh7+ Kf8 25. Rhg6 Ke8 26. Rg8+ Kd7 27. Rxd8+ Kxe6 28. Qg6+ Bf6 29. Rxa8 d4 30. Re8+ Kd7 31. Qf7+ Kc6 32. Qe6+ Kc7 33. Rc8# 1-0